 Dungeon Sprint DCSS version 0.31.0-12-g77e489cdc1 (webtiles) character file.

Game seed: 3354898365460054506

30600000 Kallu the Wishgranter (level 27, 206/228 HPs)
             Began as a Djinni Warper on Feb 15, 2024.
             Was the Champion of Makhleb.
             Escaped with the Orb!
             The game lasted 00:04:51 (153 turns).

Kallu the Wishgranter (Djinni Warper)                Turns: 153, Time: 00:04:51

Health: 206/228    AC:  6    Str: 10    XL:     27
Gold:   0          EV: 36    Int: 17    God:    Makhleb [******] SH:  0 Dex: 25

rFire   + + .        h - +∞ Axe of Woe
rCold   x . .        (shield currently unavailable)
rNeg    . . .        a - +0 leather armour
rPois   ∞            (no helmet)
rElec   .            (no cloak)
rCorr   .            (no gloves)
SInv    +            (boots unavailable)
Will    ++...        (no amulet)
Stlth   ++++         i - ring of see invisible
HPRegen 0.58/turn    (no ring)
MPRegen 0.00/turn

%: no teleportation
@: flying, hasted and slowed
A: sickness immunity, fire resistance 2, cold vulnerability 1, float, innate
caster, HP casting, extra vitality 1
0: Orb of Zot
a: Renounce Religion, Minor Destruction, Lesser Servant of Makhleb, Major
Destruction, Greater Servant of Makhleb


You escaped.
You worshipped Makhleb.
Makhleb was exalted by your worship.
You visited 1 branch

Inventory:

Hand Weapons
 h - the +∞ Axe of Woe (weapon)
   (You found it in the Dungeon)
Missiles
 c - 7 darts of dispersal
Armour
 a - a +0 leather armour (worn)
Jewellery
 i - a ring of see invisible (left hand)
 j - a +30 ring of slaying
 k - a +100 ring of slaying
 l - a +30 ring of slaying
 m - a +30 ring of slaying
 n - a +30 ring of slaying
 o - a +30 ring of slaying
Potions
 d - a potion of curing
 e - a potion of heal wounds
 g - a potion of berserk rage


   Skills:
 O Level 27 Fighting
 O Level 27 Short Blades
 O Level 27 Long Blades
 O Level 27 Axes
 O Level 27 Maces & Flails
 O Level 27 Polearms
 O Level 27 Staves
 O Level 27 Ranged Weapons
 O Level 27 Throwing
 O Level 27 Armour
 O Level 27 Dodging
 O Level 27 Stealth
 O Level 27 Shields
 O Level 27 Unarmed Combat
 O Level 27 Spellcasting
 O Level 27 Conjurations
 O Level 27 Hexes
 O Level 27 Summonings
 O Level 27 Necromancy
 O Level 27 Translocations
 O Level 27 Fire Magic
 O Level 27 Ice Magic
 O Level 27 Air Magic
 O Level 27 Earth Magic
 O Level 27 Alchemy
 O Level 27 Invocations
 O Level 27 Evocations
 O Level 27 Shapeshifting


You knew the following spells:

 Your Spells              Type           Power      Damage    Failure   Level
a - Blink                 Tloc           100%       N/A       0%          2
b - Lesser Beckoning      Tloc           100%       N/A       0%          2
c - Teleport Other        Tloc           86%        N/A       0%          3
d - Manifold Assault      Tloc           86%        N/A       0%          4
e - Vhi's Electric Charg  Tloc/Air       100%       N/A       0%          4
f - Sandblast             Erth           100%       2d20      0%          1
g - Call Imp              Summ           100%       N/A       0%          2
h - Frozen Ramparts       Ice            100%       1d16      0%          3
i - Brom's Barrelling Bo  Conj/Erth      86%        2d10      0%          4
j - Yara's Violent Unrav  Hex/Alch       43%        3d17      0%          5
k - Borgnjor's Vile Clut  Necr/Erth      43%        N/A       0%          5
l - Starburst             Conj/Fire      43%        6d12      0%          6
m - Sculpt Simulacrum     Ice/Alch       43%        N/A       0%          6
n - Enfeeble              Hex            43%        N/A       1%          7
o - Summon Horrible Thin  Summ           43%        N/A       1%          8
p - Haunt                 Necr/Summ      43%        N/A       1%          7
q - Discord               Hex            43%        N/A       1%          8
r - Polar Vortex          Ice            43%        12d5*     2%          9
Your spell library was empty.

Dungeon Overview and Level Annotations

Branches:
Dungeon (1/1)

Altars:
Makhleb


Innate Abilities, Weirdness & Mutations

You are immune to sickness and miasma.
You are immune to poison.
Your flesh is very heat resistant. (rF++)
You are vulnerable to cold. (rC-)
You float through the air rather than walking.
You learn spells naturally, not from books.
Your magical power is your life essence.
You have superior vitality. (+4 MHP)


Message History

Unknown command.
Blink to where?
Press: ? - help, Dir - move target A bag of meat comes into view.
It is wielding a +9 war axe.
As you read the scroll of blinking, it crumbles to dust.
An observer comes into view.
The fleshlord casts a spell.
The fleshlord seems to speed up.
The meat beast bites you! The meat beast tramples you!
You are shoved backwards!
The observer gazes at you. Something smites you!
The bag of meat moves out of view.
The observer moves out of view.
Unknown command.
Casting: Manifold Assault (safe; 0% risk of failure)
Confirm with . or Enter, or press ? or * to list all spells.
Charge where?
Press: ? - help, Dir - move target, f - wretched soul
Aim: a wretched soul (slightly transparent, 100% to hit)
You charge forward with an electric crackle!
A meat berserker, a wretched soul and a meat beast come into view.
The meat berserker shouts!
You slice the wretched soul and electrocute it!!
You cleave the wretched soul in twain.
You destroy the wretched soul!
Makhleb accepts your kill.
You feel better.
You slash the meat beast!
You fatally mangle the meat beast.
You kill the meat beast!
Makhleb accepts your kill.
You feel better.
A meat beast comes into view.
A bag of meat comes into view. It is wielding a +9 war axe.
A meat berserker comes into view. It is wielding a +9 battleaxe.
The meat berserker moves out of view.
Unknown command.
Unknown command.
The tyrant gestures wildly while chanting.
The tyrant seems to speed up.
The bag of meat hits you with a +9 war axe!!
The meat berserker misses you.
You have escaped!

)O))[..).....).......
)))..)))).)..p)).o...
.))..#.§.))..#)).....
.))).#.O.....#.§..oOo
.))###.....).###....o
.)...)..###)2...D....
#o..)°.)._.)))=...o.V
.)))#).)§.#)○§...o#
.)..#_.@o_#○)☼....
.....#.oO..#§.§...#
....._..........
....LO###.....L...
.W###.pG ...###O... .
#MO. ...# .... #W..
..# .o. ..


You could see an accursed, a meat beast (fast), 2 tyrants, an eight-headed meat
hydra, 2 fleshlords, 2 large bags of meat, 3 meat berserkers, 2 wretched souls
and 3 bags of meat.

Vanquished Creatures
  Dispater (D)
  8 hell knights (D)
  Sigmund (D)
  20 hell beasts (D)
  Edmund (D)
  13 royal mummies (D)
  10 wraiths (D)
  7 great orbs of eyes (D)
  15 vampire knights (D)
  49 ogres (D)
  12 two-headed ogres (D)
  13 liches (D)
  9 hydras (D)
  15 phantoms (D)
  118 orcs (D)
  12 skeletal warriors (D)
  8 sea snakes (D)
312 creatures vanquished.

Notes
Turn   | Place    | Note
-------+----------+-------------------------------------------
     0 | D        | Found the +∞ Axe of Woe
     0 | D        | Kallu the Djinni Warper began the quest for the Orb.
     0 | D        | Kallu set off with the following spells memorised: Blink,
                  | Lesser Beckoning, Teleport Other, Manifold Assault, Vhi's
                  | Electric Charge.
     0 | D        | Reached XP level 1. HP: 18/18 MP: 0/0
     1 | D        | Noticed a bag of meat
     1 | D        | Noticed a bag of meat
     2 | D        | Noticed a bag of meat
     5 | D        | Noticed a bag of meat
     6 | D        | Became a worshipper of Makhleb the Destroyer
     7 | D        | Noticed a meat berserker
     7 | D        | Noticed a meat berserker
     8 | D        | Killed a bag of meat
     9 | D        | Reached XP level 2. HP: 40/40 MP: 0/0
     9 | D        | Reached XP level 3. HP: 45/45 MP: 0/0
     9 | D        | Learned a level 1 spell: Sandblast
     9 | D        | Reached XP level 4. HP: 51/51 MP: 0/0
     9 | D        | Reached XP level 5. HP: 57/57 MP: 0/0
     9 | D        | Learned a level 2 spell: Call Imp
     9 | D        | Reached XP level 6. HP: 63/63 MP: 0/0
     9 | D        | Reached XP level 7. HP: 68/68 MP: 0/0
     9 | D        | Learned a level 3 spell: Frozen Ramparts
     9 | D        | Reached XP level 8. HP: 75/75 MP: 0/0
     9 | D        | Reached XP level 9. HP: 80/80 MP: 0/0
     9 | D        | Learned a level 4 spell: Brom's Barrelling Boulder
     9 | D        | Reached XP level 10. HP: 86/86 MP: 0/0
     9 | D        | Reached XP level 11. HP: 92/92 MP: 0/0
     9 | D        | Learned a level 5 spell: Yara's Violent Unravelling
     9 | D        | Killed a bag of meat
     9 | D        | Reached * piety under Makhleb
     9 | D        | Killed a bag of meat
     9 | D        | Noticed a meat berserker
    10 | D        | Reached XP level 12. HP: 105/105 MP: 0/0
    10 | D        | Reached XP level 13. HP: 111/111 MP: 0/0
    10 | D        | Learned a level 5 spell: Borgnjor's Vile Clutch
    10 | D        | Noticed a bag of meat
    11 | D        | Noticed a bag of meat
    11 | D        | Noticed a bag of meat
    11 | D        | Killed a meat berserker
    11 | D        | Noticed a meat berserker
    11 | D        | Noticed a bag of meat
    11 | D        | Noticed a meat berserker
    11 | D        | Noticed a meat berserker
    12 | D        | Reached XP level 14. HP: 121/121 MP: 0/0
    12 | D        | Killed a meat berserker
    12 | D        | Reached ** piety under Makhleb
    12 | D        | Killed a bag of meat
    12 | D        | Noticed a bag of meat
    12 | D        | Noticed a bag of meat
    12 | D        | Noticed a meat berserker
    12 | D        | Noticed a bag of meat
    13 | D        | Reached XP level 15. HP: 133/133 MP: 0/0
    13 | D        | Learned a level 6 spell: Starburst
    13 | D        | Noticed a meat berserker
    14 | D        | Noticed a meat berserker
    14 | D        | Killed a meat berserker
    14 | D        | Noticed a meat berserker
    15 | D        | Noticed a meat berserker
    15 | D        | Reached *** piety under Makhleb
    15 | D        | Noticed a destroyer
    16 | D        | Noticed a meat berserker
    16 | D        | Noticed a large bag of meat
    17 | D        | Reached XP level 16. HP: 146/146 MP: 0/0
    17 | D        | Noticed a large bag of meat
    17 | D        | Killed a large bag of meat
    17 | D        | Reached **** piety under Makhleb
    18 | D        | Noticed a meat berserker
    18 | D        | Noticed a meat berserker
    19 | D        | Reached skill level 27 in Spellcasting
    19 | D        | Reached skill level 27 in Conjurations
    19 | D        | Reached skill level 27 in Hexes
    19 | D        | Reached skill level 27 in Summonings
    19 | D        | Reached skill level 27 in Necromancy
    19 | D        | Reached skill level 27 in Translocations
    19 | D        | Reached skill level 27 in Fire Magic
    19 | D        | Reached skill level 27 in Ice Magic
    19 | D        | Reached skill level 27 in Air Magic
    19 | D        | Reached skill level 27 in Earth Magic
    19 | D        | Reached skill level 27 in Alchemy
    19 | D        | Reached XP level 17. HP: 158/158 MP: 0/0
    19 | D        | Learned a level 6 spell: Sculpt Simulacrum
    22 | D        | Killed a meat berserker
    22 | D        | Reached ***** piety under Makhleb
    23 | D        | Reached skill level 27 in Fighting
    23 | D        | Killed a meat berserker
    24 | D        | Reached skill level 27 in Axes
    24 | D        | Reached skill level 1 in Throwing
    24 | D        | Reached XP level 18. HP: 167/167 MP: 0/0
    24 | D        | Noticed a large bag of meat
    25 | D        | Reached skill level 15 in Dodging
    26 | D        | Reached skill level 5 in Throwing
    26 | D        | Reached XP level 19. HP: 131/174 MP: 0/0
    26 | D        | Learned a level 7 spell: Enfeeble
    26 | D        | Killed a meat berserker
    26 | D        | Reached ****** piety under Makhleb
    27 | D        | Killed a meat berserker
    28 | D        | Reached skill level 27 in Dodging
    28 | D        | Reached skill level 27 in Unarmed Combat
    28 | D        | Reached XP level 20. HP: 181/181 MP: 0/0
    28 | D        | Killed a meat berserker
    28 | D        | Killed a large bag of meat
    29 | D        | Reached skill level 15 in Throwing
    29 | D        | Reached XP level 21. HP: 187/187 MP: 0/0
    29 | D        | Learned a level 8 spell: Summon Horrible Things
    29 | D        | Killed a meat berserker
    30 | D        | Reached skill level 27 in Armour
    30 | D        | Killed a large bag of meat
    30 | D        | Killed a meat berserker
    31 | D        | Reached skill level 27 in Throwing
    31 | D        | Reached XP level 22. HP: 179/194 MP: 0/0
    32 | D        | Reached skill level 5 in Short Blades
    32 | D        | Reached skill level 5 in Long Blades
    32 | D        | Reached skill level 5 in Staves
    32 | D        | Reached skill level 5 in Stealth
    32 | D        | Reached skill level 5 in Shields
    32 | D        | Reached skill level 5 in Invocations
    32 | D        | Reached skill level 5 in Evocations
    32 | D        | Killed a meat berserker
    33 | D        | Killed a meat berserker
    33 | D        | Noticed a destroyer
    34 | D        | Reached skill level 10 in Short Blades
    34 | D        | Reached skill level 10 in Long Blades
    34 | D        | Reached skill level 10 in Staves
    34 | D        | Reached skill level 10 in Stealth
    34 | D        | Reached XP level 23. HP: 176/201 MP: 0/0
    34 | D        | Learned a level 7 spell: Haunt
    34 | D        | Killed a destroyer
    36 | D        | Reached XP level 24. HP: 201/208 MP: 0/0
    36 | D        | Noticed a destroyer
    37 | D        | Reached skill level 15 in Shields
    37 | D        | Reached skill level 15 in Invocations
    37 | D        | Reached skill level 15 in Evocations
    37 | D        | Killed a destroyer
    40 | D        | Noticed a destroyer
    40 | D        | Noticed a destroyer
    41 | D        | Reached skill level 15 in Maces & Flails
    41 | D        | Reached skill level 15 in Polearms
    41 | D        | Reached skill level 15 in Ranged Weapons
    41 | D        | Reached skill level 15 in Shapeshifting
    41 | D        | Reached XP level 25. HP: 214/214 MP: 0/0
    41 | D        | Learned a level 8 spell: Discord
    41 | D        | Killed a destroyer
    41 | D        | Killed a destroyer
    45 | D        | Noticed an accursed
    45 | D        | Noticed a tyrant
    46 | D        | Killed a tyrant
    46 | D        | Killed an accursed
    47 | D        | Reached XP level 26. HP: 203/221 MP: 0/0
    48 | D        | Noticed an accursed
    48 | D        | Killed an accursed
    48 | D        | Noticed a tyrant
    49 | D        | Killed a tyrant
    49 | D        | Noticed a destroyer
    50 | D        | Reached XP level 27. HP: 228/228 MP: 0/0
    50 | D        | Learned a level 9 spell: Polar Vortex
    51 | D        | Killed a destroyer
    52 | D        | Noticed a large bag of meat
    52 | D        | Noticed a large bag of meat
    53 | D        | Killed a large bag of meat
    53 | D        | Noticed an accursed
    54 | D        | Killed a large bag of meat
    54 | D        | Killed an accursed
    54 | D        | Noticed a destroyer
    54 | D        | Noticed a tyrant
    55 | D        | Killed a tyrant
    55 | D        | Killed a destroyer
    56 | D        | Reached skill level 27 in Shields
    56 | D        | Reached skill level 27 in Invocations
    56 | D        | Reached skill level 27 in Evocations
    56 | D        | Noticed a large bag of meat
    56 | D        | Noticed a tyrant
    57 | D        | Killed a tyrant
    57 | D        | Noticed a tyrant
    57 | D        | Noticed a large bag of meat
    58 | D        | Reached skill level 27 in Short Blades
    58 | D        | Reached skill level 27 in Long Blades
    58 | D        | Reached skill level 27 in Staves
    58 | D        | Reached skill level 27 in Stealth
    58 | D        | Noticed The Captor
    58 | D        | Killed a large bag of meat
    58 | D        | Killed The Captor
    58 | D        | Killed a tyrant
    59 | D        | Reached skill level 27 in Maces & Flails
    59 | D        | Reached skill level 27 in Polearms
    59 | D        | Reached skill level 27 in Ranged Weapons
    59 | D        | Reached skill level 27 in Shapeshifting
    59 | D        | Noticed a dread
    59 | D        | Killed a large bag of meat
    59 | D        | Killed a dread
    59 | D        | Noticed a destroyer
    60 | D        | Noticed a meat beast
    60 | D        | Killed a meat beast
    60 | D        | Killed a destroyer
    60 | D        | Noticed a meat beast
    61 | D        | Killed a meat beast
    62 | D        | Noticed a meat beast
    62 | D        | Killed a meat beast
    63 | D        | Noticed a destroyer
    64 | D        | Killed a destroyer
    64 | D        | Noticed a meat beast
    65 | D        | Noticed a dread
    65 | D        | Killed a meat beast
    65 | D        | Killed a dread
    68 | D        | Noticed a dread
    69 | D        | Killed a dread
    69 | D        | Noticed a meat beast
    70 | D        | Killed a meat beast
    71 | D        | Noticed an accursed
    72 | D        | Noticed a meat beast
    72 | D        | Killed a meat beast
    72 | D        | Killed an accursed
    73 | D        | Noticed a tyrant
    74 | D        | Killed a tyrant
    74 | D        | Noticed a tyrant
    74 | D        | Noticed a tyrant
    75 | D        | Killed a tyrant
    75 | D        | Noticed a meat beast
    75 | D        | Noticed a destroyer
    76 | D        | Killed a meat beast
    76 | D        | Killed a destroyer
    78 | D        | Killed a tyrant
    78 | D        | Noticed a meat beast
    79 | D        | Killed a meat beast
    83 | D        | Noticed a dread
    85 | D        | Noticed a meat beast
    85 | D        | Killed a meat beast
    85 | D        | Noticed a meat beast
    86 | D        | Killed a meat beast
    87 | D        | Noticed a meat beast
    87 | D        | Killed a meat beast
    87 | D        | Noticed a meat beast
    88 | D        | Killed a meat beast
    88 | D        | Noticed a large bag of meat
    89 | D        | Noticed a meat beast
    90 | D        | Killed a large bag of meat
    90 | D        | Killed a meat beast
    90 | D        | Noticed a meat beast
    90 | D        | Noticed a destroyer
    91 | D        | Killed a destroyer
    91 | D        | Killed a meat beast
    91 | D        | Noticed a destroyer
    91 | D        | Noticed a meat beast
    92 | D        | Killed a destroyer
    92 | D        | Killed a meat beast
    95 | D        | Noticed an accursed
    95 | D        | Noticed an accursed
    96 | D        | Killed an accursed
    96 | D        | Killed an accursed
    97 | D        | Noticed a tyrant
    97 | D        | Noticed a tyrant
    98 | D        | Noticed The Defiler
    98 | D        | Killed a tyrant
    98 | D        | Killed a tyrant
    98 | D        | Killed The Defiler
   100 | D        | Noticed a tyrant
   101 | D        | Killed a tyrant
   101 | D        | Noticed a large bag of meat
   102 | D        | Killed a large bag of meat
   106 | D        | Noticed a large bag of meat
   107 | D        | Killed a large bag of meat
   108 | D        | Noticed a meat beast
   108 | D        | Noticed a destroyer
   109 | D        | Killed a meat beast
   109 | D        | Killed a destroyer
   111 | D        | Noticed an accursed
   112 | D        | Noticed a dread
   112 | D        | Killed a dread
   112 | D        | Killed an accursed
   113 | D        | Noticed a tyrant
   113 | D        | Noticed an accursed
   113 | D        | Noticed an accursed
   114 | D        | Killed an accursed
   114 | D        | Killed an accursed
   114 | D        | Killed a tyrant
   115 | D        | Noticed an accursed
   115 | D        | Noticed a destroyer
   116 | D        | Killed a destroyer
   116 | D        | Killed an accursed
   116 | D        | Noticed an accursed
   117 | D        | Killed an accursed
   120 | D        | Noticed a meat beast
   120 | D        | Noticed a fleshlord
   121 | D        | Killed a fleshlord
   121 | D        | Killed a meat beast
   122 | D        | Noticed a fleshlord
   123 | D        | Killed a fleshlord
   123 | D        | Noticed a tyrant
   124 | D        | Killed a tyrant
   125 | D        | Noticed a dread
   125 | D        | Noticed a dread
   125 | D        | Noticed a fleshlord
   126 | D        | Killed a dread
   126 | D        | Killed a fleshlord
   126 | D        | Killed a dread
   126 | D        | Noticed a meat beast
   126 | D        | Noticed a destroyer
   127 | D        | Killed a meat beast
   127 | D        | Killed a destroyer
   127 | D        | Noticed a fleshlord
   128 | D        | Killed a fleshlord
   129 | D        | Noticed a fleshlord
   129 | D        | Killed a fleshlord
   129 | D        | Noticed an accursed
   130 | D        | Killed an accursed
   130 | D        | Noticed a large bag of meat
   131 | D        | Killed a large bag of meat
   132 | D        | Noticed a fleshlord
   132 | D        | Noticed a fleshlord
   133 | D        | Killed a fleshlord
   133 | D        | Killed a fleshlord
   134 | D        | Noticed a dread
   135 | D        | Noticed a fleshlord
   135 | D        | Noticed a large bag of meat
   136 | D        | Killed a fleshlord
   136 | D        | Killed a large bag of meat
   136 | D        | Killed a dread
   136 | D        | Noticed a dread
   137 | D        | Killed a dread
   142 | D        | Noticed an accursed
   143 | D        | Noticed a destroyer
   144 | D        | Killed a destroyer
   144 | D        | Killed an accursed
   145 | D        | Noticed a dread
   146 | D        | Killed a dread
   146 | D        | Killed a dread
   146 | D        | Noticed a meat beast
   146 | D        | Noticed The Meatlord
   147 | D        | Killed a meat beast
   147 | D        | Killed The Meatlord
   147 | D        | Noticed a fleshlord
   148 | D        | Got the Orb of Zot
   148 | D        | Noticed a tyrant
   149 | D        | Noticed a large bag of meat
   149 | D        | Noticed a tyrant
   149 | D        | Noticed a meat beast
   149 | D        | Noticed a fleshlord
   151 | D        | Noticed a meat beast
   151 | D        | Killed a meat beast
   151 | D        | Noticed a meat beast
   152 | D        | Noticed a fleshlord
   152 | D        | Noticed a tyrant
   152 | D        | Noticed an accursed
   152 | D        | Noticed a large bag of meat
   153 | D        | Escaped with the Orb!

Illustrated notes

Levels and vault maps discovered:
D:        meatsprint

Skill      XL: |  1  2  3  4  5  6  7  8  9 10 11 12 13 14 15 16 17 18 19 20 21 22 23 24 25 26 27 |
---------------+----------------------------------------------------------------------------------+-----
Fighting       | 13 16 18 21 23 26 27 | 27.0
Axes           | 11 14 16 17 20 22 27 | 27.0
Spellcasting   | 14 18 20 22 25 27 | 27.0
Conjurations   | 14 18 20 22 25 27 | 27.0
Hexes          | 14 18 20 22 25 27 | 27.0
Summonings     | 14 18 20 22 25 27 | 27.0
Necromancy     | 14 18 20 22 25 27 | 27.0
Translocations | 14 18 20 22 25 27 | 27.0
Fire Magic     | 14 18 20 22 25 27 | 27.0
Ice Magic      | 14 18 20 22 25 27 | 27.0
Air Magic      | 14 18 20 22 25 27 | 27.0
Earth Magic    | 14 18 20 22 25 27 | 27.0
Alchemy        | 14 18 20 22 25 27 | 27.0
Throwing       | 1 5 9 15 27 | 27.0
Armour         | 3 9 16 25 27 | 27.0
Dodging        | 8 21 27 | 27.0
Unarmed Combat | 7 19 27 | 27.0
Short Blades   | 10 13 16 19 21 27 | 27.0
Long Blades    | 10 13 16 19 21 27 | 27.0
Maces & Flails | 9 12 15 18 20 27 | 27.0
Polearms       | 9 12 15 18 20 27 | 27.0
Staves         | 10 13 16 19 21 27 | 27.0
Ranged Weapons | 9 12 15 18 20 27 | 27.0
Stealth        | 10 13 16 19 21 27 | 27.0
Shields        | 11 14 18 21 23 27 | 27.0
Invocations    | 11 14 18 21 23 27 | 27.0
Evocations     | 11 14 18 21 23 27 | 27.0
Shapeshifting  | 9 12 15 18 20 27 | 27.0

Action                     |  1- 3 |  4- 6 |  7- 9 | 10-12 | 13-15 | 16-18 | 19-21 | 22-24 | 25-27 || total
---------------------------+-------+-------+-------+-------+-------+-------+-------+-------+-------++-------
  Melee: Executioner's axe |     1 |       |       |       |     5 |    11 |    12 |    26 |   244 ||   299
   Cast: Vhi's Electric Ch |       |       |       |       |     4 |     2 |       |       |     1 ||     7
         Borgnjor's Vile C |       |       |       |       |     1 |       |       |       |       ||     1
         Manifold Assault  |       |       |       |       |       |     2 |     3 |     8 |    91 ||   104
    Use: Scroll            |       |       |       |       |       |       |       |       |     2 ||     2
         Potion            |       |       |       |       |       |       |       |       |     1 ||     1
 Armour: Leather armour    |       |       |       |       |     1 |     5 |     5 |     8 |     3 ||    22
  Dodge: Dodged            |       |       |       |       |       |     1 |     2 |     2 |     1 ||     6
